TOP OF THE 1ST |
Long Island Seawolves batting - Pitching for Little Caesars Hot N Readys : RHP Pat Hunt
|
Pitching: RHP Pat Hunt
|
|
Batting: RHB Tim Taylor
|
0-0: Called Strike 0-1: Foul Ball, location: 2F 0-2: Foul Ball, location: 2F 0-2: Foul Ball, location: 2F 0-2: Ball 1-2: Ground out 4-3 (Groundball, 4)
|
Batting: LHB Keith Alexander
|
0-0: Ball 1-0: Foul Ball, location: 2F 1-1: Swinging Strike 1-2: Foul Ball, location: 2F 1-2: Ball 2-2: Ball 3-2: Ground out 4-3 (Groundball, 34)
|
Batting: SHB Jim Unknown
|
0-0: Ball 1-0: Ground out 4-3 (Groundball, 4)
|
Top of the 1st over - 0 run(s), 0 hit(s), 0 error(s), 0 left on base; Long Island 0 - Little Caesars 0 |
BOTTOM OF THE 1ST |
Little Caesars Hot N Readys batting - Pitching for Long Island Seawolves : RHP Jim Unknown
|
Pitching: RHP Jim Unknown
|
|
Batting: RHB Jackie Coogan
|
0-0: Swinging Strike 0-1: Called Strike 0-2: Ball 1-2: Ball 2-2: Foul Ball, location: 2F 2-2: Strikes out swinging
|
Batting: RHB Jorge Salgado
|
0-0: Foul Ball, location: 2F 0-1: Ground out 5-3 (Groundball, 56)
|
Batting: SHB Valentín Guzmán
|
0-0: Ball 1-0: Ball 2-0: Swinging Strike 2-1: Ball 3-1: Called Strike 3-2: Strikes out swinging
|
Bottom of the 1st over - 0 run(s), 0 hit(s), 0 error(s), 0 left on base; Long Island 0 - Little Caesars 0 |
TOP OF THE 2ND |
Long Island Seawolves batting - Pitching for Little Caesars Hot N Readys : RHP Pat Hunt
|
Batting: RHB Jim Unknown
|
0-0: Called Strike 0-1: Swinging Strike 0-2: Foul Ball, location: 2F 0-2: Ball 1-2: Ball 2-2: Ball 3-2: Fly out, F9 (Flyball, 9LS)
|
Batting: RHB Francisco García
|
0-0: Swinging Strike 0-1: Foul Ball, location: 2F 0-2: Strikes out swinging
|
Batting: RHB Jim Unknown
|
0-0: Swinging Strike 0-1: Called Strike 0-2: Ball 1-2: Strikes out looking
|
Top of the 2nd over - 0 run(s), 0 hit(s), 0 error(s), 0 left on base; Long Island 0 - Little Caesars 0 |
BOTTOM OF THE 2ND |
Little Caesars Hot N Readys batting - Pitching for Long Island Seawolves : RHP Jim Unknown
|
Batting: RHB Keith Burnett
|
0-0: Foul Ball, location: 2F 0-1: Foul Ball, location: 2F 0-2: Ground out 5-3 (Groundball, 56S)
|
Batting: SHB Mike Barton
|
0-0: Ball 1-0: Called Strike 1-1: Swinging Strike 1-2: Foul Ball, location: 2F 1-2: SINGLE (Groundball, 34D)
|
Batting: RHB Luis Aragón
|
0-0: Swinging Strike 0-1: Foul Ball, location: 2F 0-2: SINGLE (Flyball, 78S) Mike Barton to second
|
Batting: LHB David Hunt
|
0-0: Called Strike 0-1: Ball 1-1: Foul Ball, location: 2F 1-2: SINGLE (Groundball, 34D) Mike Barton to third Luis Aragón to second Runner from 3rd tries for Home, SAFE, throw made home
|
Batting: LHB Sisto Pagnamenta
|
0-0: Ball 1-0: Fly out, F3 (Line Drive, 34) Lined into DP, U3 (Line Drive, 34)
|
Bottom of the 2nd over - 1 run(s), 3 hit(s), 0 error(s), 1 left on base; Long Island 0 - Little Caesars 1 |
TOP OF THE 3RD |
Long Island Seawolves batting - Pitching for Little Caesars Hot N Readys : RHP Pat Hunt
|
Batting: LHB Cornelius Taitt
|
0-0: Swinging Strike 0-1: Ball 1-1: Foul Ball, location: 2F 1-2: Foul Ball, location: 2F 1-2: Foul Ball, location: 2F 1-2: Strikes out swinging
|
Batting: RHB José Cervantes
|
0-0: Called Strike 0-1: Swinging Strike 0-2: Strikes out looking
|
Batting: RHB David Pérez
|
0-0: Ball 1-0: Ball 2-0: Ball 3-0: Called Strike 3-1: Base on Balls
|
Batting: RHB Tim Taylor
|
0-0: Called Strike 0-1: Ball 1-1: Ball 2-1: Ball 3-1: Called Strike 3-2: Fly out, F8 (Flyball, 8RM)
|
Top of the 3rd over - 0 run(s), 0 hit(s), 0 error(s), 1 left on base; Long Island 0 - Little Caesars 1 |
BOTTOM OF THE 3RD |
Little Caesars Hot N Readys batting - Pitching for Long Island Seawolves : RHP Jim Unknown
|
Batting: RHB Mo Zhou
|
0-0: Ball 1-0: Called Strike 1-1: Foul Ball, location: 2F 1-2: Ball 2-2: Foul Ball, location: 2F 2-2: Fly out, F6 (Popup, 6S)
|
Batting: RHB Jackie Coogan
|
0-0: Ball 1-0: Called Strike 1-1: Fly out, F8 (Flyball, 8RS)
|
Batting: RHB Jorge Salgado
|
0-0: Called Strike 0-1: Ball 1-1: Ball 2-1: Foul Ball, location: 2F 2-2: Strikes out swinging
|
Bottom of the 3rd over - 0 run(s), 0 hit(s), 0 error(s), 0 left on base; Long Island 0 - Little Caesars 1 |
TOP OF THE 4TH |
Long Island Seawolves batting - Pitching for Little Caesars Hot N Readys : RHP Pat Hunt
|
Batting: LHB Keith Alexander
|
0-0: Ball 1-0: Swinging Strike 1-1: Ball 2-1: Ball 3-1: Called Strike 3-2: Strikes out looking
|
Batting: SHB Jim Unknown
|
0-0: Ball 1-0: Foul Ball, location: 2F 1-1: Ball 2-1: Ball 3-1: Base on Balls
|
Batting: RHB Jim Unknown
|
0-0: Fielders Choice at 2nd, 5-4 (Groundball, 56)
|
Batting: RHB Francisco García
|
0-0: Called Strike 0-1: Ball 1-1: Ball 2-1: Foul Ball, location: 2F 2-2: Ball 3-2: Base on Balls Jim Unknown to second
|
Batting: RHB Jim Unknown
|
0-0: Called Strike 0-1: Called Strike 0-2: Ball 1-2: Ball 2-2: Ball 3-2: Foul Ball, location: 2F 3-2: Base on Balls Jim Unknown to third Francisco García to second
|
Batting: LHB Cornelius Taitt
|
0-0: Ball 1-0: Fielders Choice at 2nd, 4-6 (Groundball, 4)
|
Top of the 4th over - 0 run(s), 0 hit(s), 0 error(s), 2 left on base; Long Island 0 - Little Caesars 1 |
BOTTOM OF THE 4TH |
Little Caesars Hot N Readys batting - Pitching for Long Island Seawolves : RHP Jim Unknown
|
Batting: SHB Valentín Guzmán
|
0-0: Ball 1-0: Foul Ball, location: 2F 1-1: Called Strike 1-2: Ground out 4-3 (Groundball, 34D)
|
Batting: RHB Keith Burnett
|
0-0: Foul Ball, location: 2F 0-1: Foul Ball, location: 2F 0-2: Ball 1-2: Foul Ball, location: 2F 1-2: Strikes out swinging
|
Batting: SHB Mike Barton
|
0-0: Called Strike 0-1: Ball 1-1: Fly out, F7 (Line Drive, 7)
|
Bottom of the 4th over - 0 run(s), 0 hit(s), 0 error(s), 0 left on base; Long Island 0 - Little Caesars 1 |
TOP OF THE 5TH |
Long Island Seawolves batting - Pitching for Little Caesars Hot N Readys : RHP Pat Hunt
|
Batting: RHB José Cervantes
|
0-0: Foul Ball, location: 2F 0-1: Ground out 6-3 (Groundball, 6)
|
Batting: RHB David Pérez
|
0-0: Foul Ball, location: 2F 0-1: Swinging Strike 0-2: Ball 1-2: Foul Ball, location: 2F 1-2: Foul Ball, location: 2F 1-2: Strikes out swinging, 2-3 out at first.
|
Batting: RHB Tim Taylor
|
0-0: Called Strike 0-1: Ball 1-1: Ball 2-1: Called Strike 2-2: Strikes out swinging
|
Top of the 5th over - 0 run(s), 0 hit(s), 0 error(s), 0 left on base; Long Island 0 - Little Caesars 1 |
BOTTOM OF THE 5TH |
Little Caesars Hot N Readys batting - Pitching for Long Island Seawolves : RHP Jim Unknown
|
Batting: RHB Luis Aragón
|
0-0: Ball 1-0: Ball 2-0: Foul Ball, location: 2F 2-1: TRIPLE (Groundball, 3L)
|
Batting: LHB David Hunt
|
0-0: Ball 1-0: Ball 2-0: Ground out U3 (Groundball, 3)
|
Batting: LHB Sisto Pagnamenta
|
0-0: Ball 1-0: Foul Ball, location: 2F 1-1: Ground out 4-3 (Groundball, 4MS) Luis Aragón scores
|
Batting: RHB Mo Zhou
|
0-0: Fly out, F9 (Flyball, 9LMF)
|
Bottom of the 5th over - 1 run(s), 1 hit(s), 0 error(s), 0 left on base; Long Island 0 - Little Caesars 2 |
TOP OF THE 6TH |
Long Island Seawolves batting - Pitching for Little Caesars Hot N Readys : RHP Pat Hunt
|
Batting: LHB Keith Alexander
|
0-0: Foul Ball, location: 2F 0-1: Fly out, F7 (Flyball, 7)
|
Batting: SHB Jim Unknown
|
0-0: Called Strike 0-1: Ball 1-1: Ball 2-1: Ball 3-1: Called Strike 3-2: SINGLE (Groundball, 34S) (infield hit)
|
Pitching: RHP Pedro Luna
|
|
Batting: RHB Jim Unknown
|
0-0: Ball Jim Unknown is caught stealing 2nd base 1-0: Foul Ball, location: 2F 1-1: Called Strike 1-2: Ground out 6-3 (Groundball, 56)
|
Top of the 6th over - 0 run(s), 1 hit(s), 0 error(s), 0 left on base; Long Island 0 - Little Caesars 2 |
BOTTOM OF THE 6TH |
Little Caesars Hot N Readys batting - Pitching for Long Island Seawolves : RHP Jim Unknown
|
Batting: RHB Jackie Coogan
|
0-0: Ball 1-0: SINGLE (Line Drive, 78M)
|
Batting: RHB Jorge Salgado
|
0-0: Sac Bunt - play at first, batter OUT! 1-3 Jackie Coogan to second
|
Batting: SHB Valentín Guzmán
|
0-0: Ball 1-0: Ball Jackie Coogan is caught stealing 3rd base 2-0: Called Strike 2-1: Foul Ball, location: 2F 2-2: Strikes out swinging
|
Bottom of the 6th over - 0 run(s), 1 hit(s), 0 error(s), 0 left on base; Long Island 0 - Little Caesars 2 |
TOP OF THE 7TH |
Long Island Seawolves batting - Pitching for Little Caesars Hot N Readys : RHP Pedro Luna
|
Now at SS: Stephen Baird
|
|
Batting: RHB Francisco García
|
0-0: Called Strike 0-1: Foul Ball, location: 2F 0-2: Ball 1-2: Ball 2-2: Foul Ball, location: 2F 2-2: SINGLE (Line Drive, 8RS)
|
Batting: RHB Jim Unknown
|
0-0: Ball 1-0: Called Strike 1-1: Sac Bunt - play at first, batter OUT! 1-3 Francisco García to second
|
Batting: LHB Cornelius Taitt
|
0-0: Called Strike 0-1: SINGLE (Flyball, 78S) Francisco García to third
|
Pinch Hitting: LHB SaQwan Hackett
|
0-0: Ball 1-0: Called Strike 1-1: Ball 2-1: Foul Ball, location: 2F 2-2: Foul Ball, location: 2F 2-2: Strikes out looking
|
Batting: RHB David Pérez
|
0-0: Ball 1-0: Ball 2-0: Foul Ball, location: 2F 2-1: Ball 3-1: SINGLE (Line Drive, 56) Francisco García scores Cornelius Taitt to second
|
Batting: RHB Tim Taylor
|
0-0: Ball 1-0: Ball 2-0: Called Strike 2-1: Ball 3-1: Swinging Strike 3-2: Strikes out swinging
|
Top of the 7th over - 1 run(s), 3 hit(s), 0 error(s), 2 left on base; Long Island 1 - Little Caesars 2 |
BOTTOM OF THE 7TH |
Little Caesars Hot N Readys batting - Pitching for Long Island Seawolves : RHP Jim Unknown
|
Now at 1B: SaQwan Hackett
|
|
Batting: RHB Keith Burnett
|
0-0: Called Strike 0-1: DOUBLE (Flyball, 78XD)
|
Batting: SHB Mike Barton
|
0-0: Intentional Walk
|
Batting: RHB Luis Aragón
|
0-0: Bunted foul 0-1: Bunted foul 0-2: Ball 1-2: Ball 2-2: Foul Ball, location: 2F 2-2: Ground out 5-3 (Groundball, 56) Keith Burnett to third Mike Barton to second
|
Pinch Hitting: LHB Jason Potter
|
0-0: Intentional Walk
|
Batting: LHB Sisto Pagnamenta
|
0-0: Fly out, F8 (Flyball, 8RM) Runner from 3rd tags up, SCORES, throw made
|
Batting: RHB Mo Zhou
|
0-0: Called Strike 0-1: SINGLE (Flyball, 8RS) Mike Barton to third Jason Potter to second Runner from 3rd tries for Home, SAFE, no throw
|
Batting: LHB Stephen Baird
|
0-0: Foul Ball, location: 2F 0-1: Foul Ball, location: 2F 0-2: Ball 1-2: Ground out 3-1 (Groundball, 34)
|
Bottom of the 7th over - 2 run(s), 2 hit(s), 0 error(s), 2 left on base; Long Island 1 - Little Caesars 4 |
TOP OF THE 8TH |
Long Island Seawolves batting - Pitching for Little Caesars Hot N Readys : RHP Pedro Luna
|
Now at 1B: Jason Potter
|
|
Batting: LHB Keith Alexander
|
0-0: DOUBLE (Flyball, 8RD)
|
Pitching: LHP Carlos Vargas
|
|
Batting: SHB Jim Unknown
|
0-0: Called Strike 0-1: Foul Ball, location: 2F 0-2: Ball 1-2: Ball 2-2: Foul Ball, location: 2F 2-2: Ball 3-2: Ground out 6-3 (Groundball, 6M) Keith Alexander to third
|
Pitching: RHP Adrián Muñíz
|
|
Batting: RHB Jim Unknown
|
0-0: Called Strike 0-1: Swinging Strike 0-2: Ball 1-2: Foul Ball, location: 2F 1-2: SINGLE (Groundball, 56S) (infield hit) Keith Alexander scores
|
Batting: RHB Francisco García
|
0-0: Called Strike 0-1: 2-RUN HOME RUN (Flyball, 7D), Distance : 399 ft
|
Pitching: RHP Gary Jones
|
|
Pinch Hitting: LHB Jim Unknown
|
0-0: Ball 1-0: Swinging Strike 1-1: Ball 2-1: Foul Ball, location: 2F 2-2: Strikes out swinging
|
Batting: LHB Cornelius Taitt
|
0-0: Foul Ball, location: 2F 0-1: Swinging Strike 0-2: Strikes out swinging, 2-3 out at first.
|
Top of the 8th over - 3 run(s), 3 hit(s), 0 error(s), 0 left on base; Long Island 4 - Little Caesars 4 |
BOTTOM OF THE 8TH |
Little Caesars Hot N Readys batting - Pitching for Long Island Seawolves : RHP Jim Unknown
|
Now in CF: Jim Unknown
|
|
Pinch Hitting: LHB Guy Riley
|
0-0: Ball 1-0: Swinging Strike 1-1: DOUBLE (Line Drive, 7LS)
|
Batting: SHB Valentín Guzmán
|
0-0: Intentional Walk
|
Batting: RHB Keith Burnett
|
0-0: Called Strike 0-1: Ball 1-1: Foul Ball, location: 2F 1-2: Ball 2-2: DOUBLE (Line Drive, 7LM) Guy Riley scores Valentín Guzmán to third
|
Batting: SHB Mike Barton
|
0-0: Intentional Walk
|
Pinch Hitting: RHB Spencer Curry
|
0-0: Called Strike 0-1: Swinging Strike 0-2: Strikes out swinging
|
Pitching: RHP Jim Unknown
|
|
Batting: LHB Jason Potter
|
0-0: Ball 1-0: Ball 2-0: Ball 3-0: Base on Balls Valentín Guzmán scores Keith Burnett to third Mike Barton to second
|
Batting: LHB Sisto Pagnamenta
|
0-0: Called Strike 0-1: Called Strike 0-2: Strikes out swinging
|
Batting: RHB Mo Zhou
|
0-0: Called Strike 0-1: SINGLE (Flyball, 8RS) Keith Burnett scores Mike Barton to third Jason Potter to second Runner from 3rd tries for Home, SAFE, no throw
|
Batting: LHB Stephen Baird
|
0-0: Ground out U3 (Groundball, 34)
|
Bottom of the 8th over - 4 run(s), 3 hit(s), 0 error(s), 2 left on base; Long Island 4 - Little Caesars 8 |
TOP OF THE 9TH |
Long Island Seawolves batting - Pitching for Little Caesars Hot N Readys : RHP Gary Jones
|
Now at SS: Spencer Curry
|
|
Now in RF: Guy Riley
|
|
Batting: LHB SaQwan Hackett
|
0-0: Called Strike 0-1: Ball 1-1: SINGLE (Line Drive, 6MD)
|
Batting: RHB David Pérez
|
0-0: Ball 1-0: Foul Ball, location: 2F 1-1: Called Strike 1-2: Ball 2-2: Foul Ball, location: 2F 2-2: Strikes out swinging
|
Batting: RHB Tim Taylor
|
0-0: Called Strike 0-1: Ball 1-1: Foul Ball, location: 2F 1-2: Fly out, F8 (Flyball, 89M)
|
Batting: LHB Keith Alexander
|
0-0: Swinging Strike 0-1: Called Strike 0-2: Ball 1-2: Foul Ball, location: 2F 1-2: Foul Ball, location: 2F 1-2: Ball 2-2: Ball 3-2: Fly out, F7 (Flyball, 7S)
|
Top of the 9th over - 0 run(s), 1 hit(s), 0 error(s), 1 left on base; Long Island 4 - Little Caesars 8 |
|